 Dungeon Crawl Stone Soup version 0.22-a0-278-g8f80174 (webtiles) character file.

639 varam the Gusty (level 7, -2/36 HPs)
             Began as a Deep Elf Air Elementalist on Mar 15, 2018.
             Was an Initiate of Vehumet.
             Killed themself with a badly aimed fireball (5 damage)
             ... on level 4 of the Dungeon.
             The game lasted 00:19:54 (3722 turns).

varam the Gusty (Deep Elf Air Elementalist)         Turns: 3722, Time: 00:19:56

Health: -2/36      AC:  2    Str:  6    XL:     7   Next: 26%
Magic:  14/16      EV: 13    Int: 26    God:    Vehumet [......]
Gold:   158        SH:  0    Dex: 15    Spells: 3/16 levels left

rFire    . . .     SeeInvis .   o - +2 dagger (drain)
rCold    . . .     Gourm    .   (no shield)
rNeg     . . .     Faith    .   a - +0 robe
rPois    .         Spirit   .   (no helmet)
rElec    .         Reflect  .   (no cloak)
rCorr    .         Harm     .   (no gloves)
MR       .....                  (no boots)
Stlth    +.........             (no amulet)
HPRegen  0.12/turn              b - ring of loudness (curse)
MPRegen  0.15/turn              f - +5 ring of intelligence

@: no status effects
A: no striking features
a: Renounce Religion


You were on level 4 of the Dungeon.
You worshipped Vehumet.
Vehumet was noncommittal.
You were not hungry.

You visited 2 branches of the dungeon, and saw 5 of its levels.

You collected 158 gold pieces.

Inventory:

Hand Weapons
 h - a +0 short sword
 o - a +2 dagger of draining (weapon)
Armour
 a - a +0 robe (worn)
Jewellery
 b - a cursed ring of loudness (left hand)
 f - a +5 ring of intelligence (right hand)
 g - an uncursed ring of ice {unknown}
 j - an uncursed amulet of the acrobat {unknown}
Wands
 x - a wand of random effects (18)
Scrolls
 d - a scroll of enchant armour {unknown}
 e - 2 scrolls of fear
 l - 2 scrolls of identify
 m - a scroll of amnesia {unknown}
 s - a scroll of teleportation {unknown}
 t - a scroll of remove curse {unknown}
 u - a scroll of magic mapping {unknown}
Potions
 i - 3 potions of berserk rage {unknown}
 k - a potion of brilliance {unknown}
 n - a potion of cancellation {unknown}
 p - 2 potions of heal wounds {unknown}
 q - a potion of might {unknown}
 r - a potion of flight {unknown}
 v - a potion of haste
 z - a potion of degeneration {unknown}
Comestibles
 c - 8 rations
 w - 2 chunks of flesh


   Skills:
 - Level 2.4 Dodging
 - Level 2.4 Stealth
 - Level 5.0 Spellcasting
 + Level 5.3 Conjurations
 * Level 6.1 Air Magic


You had 3 spell levels left.
You knew the following spells:

 Your Spells              Type           Power        Failure   Level  Hunger
a - Shock                 Conj/Air       ####         1%          1    None
b - Airstrike             Air            #####.....   6%          4    ###....
c - Static Discharge      Conj/Air       #####...     2%          3    #......
d - Lightning Bolt        Conj/Air       #####.....   21%         5    #####..


Dungeon Overview and Level Annotations

Branches:
Dungeon (4/15)             Temple (1/1) D:4

Altars:
Ashenzari
Cheibriados
Dithmenos
Elyvilon
Gozag
Hepliaklqana
Kikubaaqudgha
Makhleb
Nemelex Xobeh
Okawaru
Qazlal
Ru
Sif Muna
Trog
Uskayaw
Vehumet
Wu Jian
Xom
Yredelemnul
Zin
The Shining One


Message History

Aim: a sky beast (moderately wounded, misshapen and mutated, heavily drained)
The sky beast resists with significant effort.
The sky beast hits you but does no damage.
Evoke which item? (* to show all) (? for menu, Esc to quit)
Aiming: Random Effects
Press: ? - help, Shift-Dir - straight line, f/p - sky beast
Aim: a sky beast (moderately wounded, misshapen and mutated, heavily drained)
The fireball explodes!
The fireball engulfs the sky beast.
The sky beast is severely wounded.
The fireball engulfs you!
* * * LOW HITPOINT WARNING * * *
The sky beast misses you.
Evoke which item? (* to show all) (? for menu, Esc to quit)
Aiming: Random Effects
Press: ? - help, Shift-Dir - straight line, f/p - sky beast
Aim: a sky beast (severely wounded, misshapen and mutated, heavily drained)
The fireball explodes!
The fireball engulfs the sky beast.
The sky beast is almost dead.
The fireball engulfs you!
You die...

#....# #.(..#
#....# #....# #
#...(# .. #####
#....###... ...
+.......!.. #.#
#.../.##... #@#
###...##... #Y#
#........ #.#
#........
#.########.≈.≈....
#..§.....>.≈≈≈≈≈≈.
##########.≈≈♣♣♣≈≈
#.≈≈♣ ≈. #.≈≈♣♣♣≈≈
#.≈≈≈≈≈≈.


You could see a sky beast.

Vanquished Creatures
  An eye of draining (D:4)
  An ogre (D:2)
  5 orc wizards
  2 orc priests (D:3)
  Ijyb (D:4)
  An iguana (D:4)
  3 gnolls (D:3)
  8 adders
  A shadow imp (D:3)
  3 dart slugs
  2 leopard geckos
  11 orcs (D:3)
  8 giant cockroaches
  10 goblins
  2 hobgoblins
  11 jackals
  4 quokkas
  5 bats
  4 frilled lizards
  8 kobolds
  4 rats
95 creatures vanquished.

Vanquished Creatures (others)
  A jackal (D:1)
1 creature vanquished.

Grand Total: 96 creatures vanquished

Notes
Turn   | Place    | Note
-------+----------+-------------------------------------------
     0 | D:1      | varam the Deep Elf Air Elementalist began the quest for the Orb.
     0 | D:1      | Reached XP level 1. HP: 10/10 MP: 6/6
   158 | D:1      | Reached XP level 2. HP: 10/15 MP: 4/8
   582 | D:1      | Reached skill level 2 in Conjurations
   643 | D:2      | Noticed an ogre
   667 | D:2      | Killed an ogre
   667 | D:2      | Reached skill level 3 in Conjurations
   667 | D:2      | Reached skill level 4 in Air Magic
   667 | D:2      | Reached XP level 3. HP: 19/19 MP: 3/9
   667 | D:2      | Reached XP level 4. HP: 24/24 MP: 3/10
   673 | D:2      | Learned a level 4 spell: Airstrike
   682 | D:2      | Learned a level 3 spell: Static Discharge
  1037 | D:2      | Found an ornate altar of the Wu Jian Council.
  1039 | D:2      | Found an opulent altar of Gozag.
  1058 | D:2      | Found an iron altar of Okawaru.
  1264 | D:1      | Reached XP level 5. HP: 26/28 MP: 6/12
  1679 | D:3      | Reached skill level 4 in Conjurations
  1919 | D:3      | Reached skill level 4 in Spellcasting
  2076 | D:3      | Reached skill level 5 in Air Magic
  2076 | D:3      | Reached XP level 6. HP: 32/32 MP: 10/14
  2419 | D:2      | Found a sacrificial altar of Ru.
  2870 | D:3      | Reached skill level 5 in Spellcasting
  3035 | D:3      | Learned a level 5 spell: Lightning Bolt
  3217 | D:4      | Found a staircase to the Ecumenical Temple.
  3226 | Temple   | Entered the Ecumenical Temple
  3438 | Temple   | Became a worshipper of Vehumet
  3483 | D:4      | Reached skill level 5 in Conjurations
  3486 | D:4      | Found a burning altar of Makhleb.
  3522 | D:4      | Reached XP level 7. HP: 36/36 MP: 4/16
  3564 | D:4      | Reached skill level 6 in Air Magic
  3577 | D:4      | Found a snail-covered altar of Cheibriados.
  3591 | D:4      | Noticed Ijyb
  3623 | D:4      | Killed Ijyb
  3721 | D:4      | HP: 3/36 [shot self (5)]
  3722 | D:4      | Killed themself with a badly aimed fireball

Vault maps used:
D:1:      lemuel_arrival_funnel, corexii_leaking_fountain
D:2:      nicolae_overflow_crystal_walls, nicolae_ru_great_annihilating_truth,
          nicolae_overflow_hidden_temple
D:4:      overflow_temple_1_default, cheibriados_altar_1,
          minmay_temple_entry_glass, serial_shops, shop_fountains,
          kennysheep_boxes, uniq_ijyb, uniq_menkaure
Temple:   regret_index_temple_generic_petals

Skill      XL: |  1  2  3  4  5  6  7 |
---------------+----------------------+-----
Conjurations   | 3 4 5 |  5.3
Air Magic      | 4 5 6 |  6.1
Spellcasting   | 4 5 |  5.0
Dodging        | |  2.4
Stealth        | |  2.4

Action                   |  1- 3 |  4- 6 |  7- 9 || total
-------------------------+-------+-------+-------++-------
Melee: Short sword       |       |     9 |       ||     9
       Dagger            |       |    19 |    30 ||    49
 Cast: Shock             |    26 |   115 |     2 ||   143
       Static Discharge  |       |     9 |     1 ||    10
       Airstrike         |       |     5 |     1 ||     6
Evoke: Wand              |       |       |     4 ||     4
  Use: Scroll            |     1 |     2 |       ||     3
 Stab: Invisible         |       |     1 |       ||     1
       Paralysed         |       |     1 |       ||     1
  Eat: Chunk             |       |     9 |     1 ||    10
Armor: Robe              |     5 |    11 |     5 ||    21
Dodge: Dodged            |    15 |    66 |    14 ||    95

Table legend:
 A = Spawn XP
 B = Non-spawn XP
 C = Spawn XP percentage of total XP
 D = Spawn monster count
 E = Non-spawn monster count
 F = Spawn count percentage of total count
 G = Total turns spent on level
                    A         B        C        D         E        F      G
               +---------+---------+-------+---------+---------+-------+---------
         Total |       0 |     914 |   0.0 |       0 |      96 |   0.0 |  3722
               +---------+---------+-------+---------+---------+-------+---------
           D:1 |       0 |      38 |   0.0 |       0 |      20 |   0.0 |   940
           D:2 |       0 |     231 |   0.0 |       0 |      28 |   0.0 |  1314
           D:3 |       0 |     394 |   0.0 |       0 |      39 |   0.0 |   888
           D:4 |       0 |     251 |   0.0 |       0 |       9 |   0.0 |   345
               +---------+---------+-------+---------+---------+-------+---------
